 Dungeon Crawl Stone Soup version 0.27.1-1-g398f81649c (webtiles) character file.

Game seed: 8703524713081588739

105 greenlake the Skirmisher (level 4, -4/42 HPs)
             Began as a Hill Orc Fighter on Sept 14, 2021.
             Was an Initiate of Okawaru.
             Slain by a water moccasin (5 damage)
             ... on level 4 of the Dungeon.
             The game lasted 00:03:23 (2850 turns).

greenlake the Skirmisher (Hill Orc Fighter)         Turns: 2850, Time: 00:03:24

Health: -4/42      AC:  6    Str: 19    XL:     4   Next: 83%
Magic:  4/4        EV:  9    Int:  8    God:    Okawaru [......]
Gold:   154        SH:  0    Dex: 10    Spells: 3/3 levels left

rFire    . . .     SeeInvis .   j - +4 falchion
rCold    . . .     Faith    .   (no shield)
rNeg     . . .     Spirit   .   b - +0 scale mail
rPois    .         Reflect  .   (no helmet)
rElec    .         Harm     .   (no cloak)
rCorr    .         Rampage  .   (no gloves)
Will     .....                  (no boots)
Stlth    ..........             (no amulet)
HPRegen  0.14/turn              (no ring)
MPRegen  0.09/turn              (no ring)

@: lethally poisoned (-4 -> -17)
A: no striking features
a: Renounce Religion


You were on level 4 of the Dungeon.
You worshipped Okawaru.
Okawaru was noncommittal.
You visited 1 branch of the dungeon, and saw 4 of its levels.

You collected 154 gold pieces.

Inventory:

Hand Weapons
 a - a +0 war axe
 j - a +4 falchion (weapon)
Missiles
 h - 8 boomerangs (quivered)
Armour
 b - a +0 scale mail (worn)
 c - a +0 kite shield
Jewellery
 k - an amulet of the acrobat
 n - a +4 ring of protection
Scrolls
 f - a scroll of amnesia {unknown}
 g - 3 scrolls of teleportation {unknown}
 i - a scroll of summoning {unknown}
 l - a scroll of fog {unknown}
Potions
 d - a potion of might
 e - a potion of flight {unknown}
 m - a potion of resistance {unknown}
 o - a potion of curing {unknown}
 p - a potion of haste {unknown}


   Skills:
 + Level 5.2 Fighting
 + Level 2.2 Long Blades
 - Level 3.9 Axes
 - Level 3.2 Armour
 - Level 3.2 Shields


You had 3 spell levels left.
You didn't know any spells.
Your spell library contained the following spells:

 Spells                   Type           Power      Damage    Failure   Level
 Freeze                   Ice            0%         1d3       77%         1
 Frozen Ramparts          Ice            0%         1d2       98%         3
 Hailstorm                Conj/Ice       0%         3d3       100%        4


Dungeon Overview and Level Annotations

Branches:
Dungeon (4/15)
 Temple: D:4-7

Altars:
Okawaru


Message History

The phantom is moderately damaged.
The phantom hits you.
The phantom blinks!
You blink.
You miss the phantom.
The phantom is moderately damaged.
The phantom hits you. The water moccasin barely misses you.
You riposte.
You hit the water moccasin.
The water moccasin is moderately wounded.
You hit the phantom.
The phantom is heavily damaged.
The phantom hits you.
The phantom blinks!
You blink.
You slash the phantom!
The phantom is severely damaged.
The phantom hits you but does no damage.
The water moccasin bites you.
You closely miss the phantom.
The phantom is severely damaged.
The water moccasin bites you.
You are poisoned.
The water moccasin poisons you! The phantom closely misses you.
The water moccasin bites you. The phantom completely misses you.
You closely miss the phantom.
The phantom is severely damaged.
You feel very sick. The water moccasin barely misses you.
You riposte.
You barely miss the water moccasin.
The water moccasin is lightly wounded.
The phantom hits you but does no damage.
You feel very sick. The water moccasin bites you!
* * * LOW HITPOINT WARNING * * *
The water moccasin bites you.
* * * LOW HITPOINT WARNING * * *
You are more poisoned.
The water moccasin poisons you!
* * * LOW HITPOINT WARNING * * *
You feel very sick.
* * * LOW HITPOINT WARNING * * *
You feel very sick. The water moccasin bites you.
You die...

# .# .# ######
###..#
####....####<...#
.........#..###..#
...........## .#
...........##
..........@.##
..........SW.#
.............#
.............#
...####......# .
###....# ##...#
...## ....#


You could see a phantom and a water moccasin.

Vanquished Creatures
  An orc wizard (D:3)
  2 adders
  2 dart slugs
  2 worms
  5 orcs (D:3)
  7 ball pythons
  4 endoplasms
  A giant cockroach (D:3)
  4 goblins
  3 hobgoblins
  5 kobolds
  3 quokkas
  6 bats
  2 frilled lizards (D:3)
  3 rats
50 creatures vanquished.

Notes
Turn   | Place    | Note
-------+----------+-------------------------------------------
     0 | D:1      | greenlake the Hill Orc Fighter began the quest for the Orb.
     0 | D:1      | Reached XP level 1. HP: 19/19 MP: 1/1
   261 | D:1      | Reached XP level 2. HP: 18/27 MP: 2/2
   374 | D:1      | Reached skill level 4 in Fighting
   969 | D:2      | Reached XP level 3. HP: 21/34 MP: 3/3
  1234 | D:2      | Found an iron altar of Okawaru.
  1249 | D:2      | Became a worshipper of Warmaster Okawaru
  2077 | D:3      | Reached skill level 1 in Long Blades
  2272 | D:3      | Reached XP level 4. HP: 28/41 MP: 4/4
  2296 | D:3      | Reached skill level 5 in Fighting
  2838 | D:4      | Noticed a phantom
  2839 | D:4      | Noticed a water moccasin
  2850 | D:4      | HP: 1/42 [poisoned by a water moccasin]
  2850 | D:4      | Slain by a water moccasin

Illustrated notes

Levels and vault maps discovered:
D:1:      dpeg_arrival_pond, layout_basic
D:2:      layout_loops_corners, basic_altar
D:3:      layout_basic
D:4:      layout_cave_pods, minmay_misc_feat_iff, nicolae_alphabet_shops,
          mrwooster_statue_mirror, uniq_edmund, uniq_grinder, uniq_sigmund

Skill      XL: |  1  2  3  4 |
---------------+-------------+-----
Axes           | 3 |  3.9
Fighting       | 4 5 |  5.2
Long Blades    | 1 2 |  2.2
Armour         | |  3.2
Shields        | |  3.2

Action                   |  1- 3 |  4- 6 || total
-------------------------+-------+-------++-------
Melee: War axe           |    37 |       ||    37
       Falchion          |    53 |    37 ||    90
Armor: Scale mail        |    43 |    22 ||    65
Dodge: Dodged            |    48 |    16 ||    64
       Rpst.: Falchion   |     8 |     4 ||    12
